 Dungeon Crawl Stone Soup version 0.31-a0-154-g56bf346678 (webtiles) character file.

Game seed: 17318571134412979717

1811227 iguanaiguana the Markself (level 26, 226/226 HPs)
             Began as a Deep Elf Delver on June 9, 2023.
             Was a High Priest of Cheibriados.
             Escaped with the Orb
             ... and 3 runes on June 11, 2023!
             The game lasted 03:35:45 (58251 turns).

iguanaiguana the Markself (Deep Elf Delver)        Turns: 58251, Time: 03:35:46

Health: 226/226    AC: 44    Str: 21    XL:     26   Next: 6%
Magic:  23/45      EV: 40    Int: 50    God:    Cheibriados [*****.]
Gold:   3877       SH:  0    Dex: 37    Spells: 15/55 levels left

rFire   + . .        a - +9 longbow (flame)
rCold   + + .        (shield currently unavailable)
rNeg    + . .        Q - melded +2 robe {Archmagi}
rPois   ∞            y - +3 hat of Pondering {ponderous, Will+ MP+10 Int+5}
rElec   +            V - +2 cloak {rCorr}
rCorr   +            u - melded +2 pair of gloves
SInv    +            R - melded +2 pair of boots "Xuuloe Foite" {rC+ Int+5}
Will    +++..        S - amulet "Suqoyrch" {Fly Regen+ MP-9 Dex+3}
Stlth   +++          O - ring "Jidoemm" {rC++ Int+6}
HPRegen 1.37/turn    E - ring of see invisible
MPRegen 0.29/turn

%: no passive effects
@: statue-form, disjoining, wereblooded, portalling projectiles, flying, very
slow
A: slow and powerful, torment resistance 1, boosted hp, clever 1, fire
resistance 1, poison resistance
0: Orb of Zot
}: 3/15 runes: decaying, serpentine, silver
a: End Transformation, Renounce Religion, Bend Time, Temporal Distortion,
Slouch, Step From Time


You escaped.
You worshipped Cheibriados.
Cheibriados was extremely pleased with you.
You were a living statue of rough stone.
You visited 9 branches of the dungeon, and saw 47 of its levels.
You visited 1 bazaar.
You also visited: Gauntlet.

You collected 7492 gold pieces.
You spent 3615 gold pieces at shops.

Inventory:

Hand Weapons
 a - a +9 longbow of flaming (weapon)
Missiles
 f - 7 throwing nets
 D - 3 curare-tipped darts
 K - 3 silver javelins
 U - 5 boomerangs of dispersal
 W - 3 boomerangs
Armour
 u - a +2 pair of gloves (melded)
 y - the +3 hat of Pondering (worn) {ponderous, Will+ MP+10 Int+5}
   (You found it on level 1 of the Elven Halls)

   Int:       It affects your intelligence (+5).
   MP:        It affects your magic capacity (+10).
   Will:      It increases your willpower.
 Q - a +2 robe of the Archmagi (melded)
 R - the +2 pair of boots "Xuuloe Foite" (melded) {rC+ Int+5}
   (You acquired it on level 4 of the Swamp)

   Int:       It affects your intelligence (+5).
   rC:        It protects you from cold.
 V - a +2 cloak of preservation (worn)
Magical Staves
 b - a staff of earth
 Z - a staff of fire
Jewellery
 B - a ring of resist corrosion
 E - a ring of see invisible (right fist)
 J - a ring of positive energy
 L - a +4 ring of slaying
 O - the ring "Jidoemm" (left fist) {rC++ Int+6}
   (You found it on level 3 of the Elven Halls)

   [ring of intelligence]

   Int:       It affects your intelligence (+6).
   rC:        It greatly protects you from cold.
 P - a ring of protection from fire
 S - the amulet "Suqoyrch" (around neck) {Fly Regen+ MP-9 Dex+3}
   (You took it off a yaktaur captain on level 5 of the Vaults)

   [amulet of regeneration]

   Dex:       It affects your dexterity (+3).
   MP:        It affects your magic capacity (-9).
   Fly:       It grants you flight.
   Regen:     It increases your rate of health regeneration.
 X - the ring of Life {+Blink rElec rPois Will- Int+6}
   (You took it off a minotaur in a Gauntlet)

   [ring of intelligence]

   Int:       It affects your intelligence (+6).
   rElec:     It insulates you from electricity.
   rPois:     It protects you from poison.
   +Blink:    It lets you blink.
   Will:      It decreases your willpower.
 Y - the ring "Vez Leax" {*Slow rPois Will+ Str+6}
   (You found it in a Gauntlet)

   [ring of strength]

   Str:       It affects your strength (+6).
   rPois:     It protects you from poison.
   *Slow:     It may slow you when you take damage.
   Will:      It increases your willpower.
Wands
 g - a wand of paralysis (45)
 i - a wand of iceblast (70) {@v2}
 r - a wand of flame (136)
 t - a wand of mindburst (78)
 w - a wand of acid (46) {@v1}
Scrolls
 c - 9 scrolls of fog
 e - 5 scrolls of fear
 j - 5 scrolls of vulnerability
 l - 7 scrolls of immolation
 m - 14 scrolls of teleportation {@r3}
 o - a scroll of magic mapping {@r5}
 z - 7 scrolls of poison
 A - 4 scrolls of silence
 H - 4 scrolls of blinking {@r4}
Potions
 d - 8 potions of brilliance
 h - 3 potions of cancellation
 k - 2 potions of ambrosia
 n - a potion of berserk rage
 p - 6 potions of enlightenment
 q - 4 potions of magic
 s - 11 potions of lignification
 v - 6 potions of heal wounds {@q2}
 C - 5 potions of curing {@q1}
 F - 2 potions of invisibility
 I - 10 potions of mutation
 M - 2 potions of attraction
 T - 4 potions of might {@q3}
Miscellaneous
 G - a sack of spiders
 N - a phantom mirror


   Skills:
 - Level 20.0 Fighting
 - Level 2.2 Short Blades
 - Level 20.0 Ranged Weapons
 - Level 12.0 Throwing
 - Level 4.1 Armour
 - Level 20.0 Dodging
 - Level 19.3 Stealth
 - Level 15.0 Spellcasting
 - Level 8.0 Necromancy
 - Level 20.0 Translocations
 - Level 14.0 Transmutations
 - Level 14.0 Earth Magic
 + Level 17.7 Invocations
 + Level 16.3 Evocations


You had 15 spell levels left.
You knew the following spells:

 Your Spells              Type           Power      Damage    Failure   Level
a - Statue Form           Tmut/Erth      72%        N/A       1%          6
b - Wereblood             Tmut           100%       N/A       0%          2
c - Disjunction           Tloc           63%        N/A       1%          8
d - Dispersal             Tloc           63%        N/A       1%          6
e - Lee's Rapid Deconstr  Erth           54%        3d25*     1%          5
f - Apportation           Tloc           100%       N/A       0%          1
g - Portal Projectile     Hex/Tloc       100%       N/A       1%          3
h - Passwall              Tmut/Erth      90%        N/A       0%          2
i - Blink                 Tloc           100%       N/A       0%          2
j - Borgnjor's Vile Clut  Necr/Erth      49%        N/A       1%          5

Your spell library contained the following spells:

 Spells                   Type           Power      Damage    Failure   Level
 Beastly Appendage        Tmut           100%       N/A       0%          1
 Sandblast                Erth           100%       2d20      0%          1
 Lesser Beckoning         Tloc           100%       N/A       0%          2
 Momentum Strike          Conj/Tloc      100%       3d10      0%          2
 Gell's Gravitas          Tloc           100%       N/A       0%          3
 Teleport Other           Tloc           100%       N/A       0%          3
 Manifold Assault         Tloc           100%       N/A       0%          4
 Passage of Golubria      Tloc           100%       N/A       0%          4
 Petrify                  Tmut/Erth      100%       N/A       0%          4
 Freeze                   Ice            100%       1d10      1%          1
 Kiss of Death            Conj/Necr      100%       2d13      1%          1
 Magic Dart               Conj           100%       1d8       1%          1
 Necrotise                Necr           100%       1d9       1%          1
 Shock                    Conj/Air       100%       1d9       1%          1
 Summon Small Mammal      Summ           100%       N/A       1%          1
 Cigotuvi's Dreadful Rot  Necr/Pois/Air  100%       N/A       1%          2
 Ensorcelled Hibernation  Hex/Ice        74%        N/A       1%          2
 Poisonous Vapours        Pois/Air       74%        N/A       1%          2
 Scorch                   Fire           74%        2d8       1%          2
 Searing Ray              Conj           74%        2d7       1%          2
 Sublimation of Blood     Necr           87%        N/A       1%          2
 Confusing Touch          Hex            37%        N/A       1%          3
 Frozen Ramparts          Ice            74%        1d12      1%          3
 Hailstorm                Conj/Ice       37%        3d9       1%          3
 Ignite Poison            Fire/Tmut/Pois 71%        N/A       1%          3
 Inner Flame              Hex/Fire       37%        N/A       1%          3
 Mephitic Cloud           Conj/Pois/Air  37%        N/A       1%          3
 Spider Form              Tmut/Pois      82%        N/A       1%          3
 Stone Arrow              Conj/Erth      100%       3d13      1%          3
 Summon Guardian Golem    Hex/Summ       37%        N/A       1%          3
 Swiftness                Air            37%        N/A       1%          3
 Tukima's Dance           Hex            37%        N/A       1%          3
 Vhi's Electric Charge    Tloc/Air       100%       N/A       1%          3
 Anguish                  Hex/Necr       33%        N/A       1%          4
 Animate Armour           Summ/Erth      100%       N/A       1%          4
 Animate Dead             Necr           87%        N/A       1%          4
 Dispel Undead            Necr           87%        3d28      1%          4
 Ice Form                 Ice/Tmut       82%        N/A       1%          4
 Leda's Liquefaction      Hex/Erth       41%        N/A       1%          4
 Blade Hands              Tmut           54%        N/A       1%          5
 Summon Forest            Summ/Tloc      47%        N/A       1%          5
 Dragon Form              Tmut           54%        N/A       1%          7
 Death Channel            Necr           43%        N/A       3%          6
 Eringya's Noxious Bog    Tmut/Pois      41%        N/A       4%          6
 Leda's Unmaking          Conj/Erth      41%        9d7       4%          6
 Airstrike                Air            18%        2d(3-19)  5%          4
 Flame Wave               Conj/Fire      37%        2d10      5%          4
 Fulminant Prism          Conj/Hex       18%        3d10      5%          4
 Olgreb's Toxic Radiance  Pois           37%        N/A       5%          4
 Sticky Flame             Conj/Fire      37%        2d6       5%          4
 Summon Ice Beast         Ice/Summ       37%        N/A       5%          4
 Summon Lightning Spire   Summ/Air       37%        N/A       5%          4
 Arcjolt                  Conj/Air       18%        1d28      14%         5
 Fireball                 Conj/Fire      18%        3d9       14%         5
 Freezing Cloud           Conj/Ice/Air   18%        6-21      14%         5
 Iskenderun's Battlesphe  Conj           37%        2d9       14%         5
 Metabolic Englaciation   Hex/Ice        18%        N/A       14%         5
 Silence                  Hex/Air        18%        N/A       14%         5
 Summon Mana Viper        Hex/Summ       37%        N/A       14%         5
 Simulacrum               Ice/Necr       33%        N/A       16%         6
 Storm Form               Tmut/Air       41%        N/A       26%         7
 Necromutation            Tmut/Necr      49%        N/A       36%         8
 Conjure Ball Lightning   Conj/Air       18%        3x3d6     63%         6
 Plasma Beam              Fire/Air       18%        2x1d30    63%         6
 Summon Cactus Giant      Summ           18%        N/A       63%         6
 Haunt                    Necr/Summ      33%        N/A       65%         7
 Infestation              Necr           43%        N/A       78%         8
 Shatter                  Erth           54%        3d41*     86%         9
 Lehudib's Crystal Spear  Conj/Erth      41%        10d10     89%         8
 Monstrous Menagerie      Summ           18%        N/A       99%         7
 Orb of Destruction       Conj           18%        9d8       99%         7
 Spellforged Servitor     Conj/Summ      18%        N/A       99%         7
 Summon Hydra             Summ           18%        N/A       99%         7
 Discord                  Hex            18%        N/A       100%        8
 Ignition                 Fire           18%        3d7       100%        8
 Maxwell's Capacitive Co  Air            18%        ∞         100%        8
 Chain Lightning          Conj/Air       18%        3d24      100%        9
 Fire Storm               Conj/Fire      18%        8d5       100%        9


Dungeon Overview and Level Annotations

Branches:
Dungeon (15/15)            Temple (0/1) D:6            Lair (5/5) D:11
  Swamp (4/4) Lair:2        Snake (4/4) Lair:2        Slime (0/5) Lair:5
    Orc (2/2) D:10            Elf (3/3) Orc:2        Vaults (5/5) D:14
  Crypt (0/3) Vaults:2     Depths (4/4) D:15            Zot (5/5) Depths:4
Gauntlet (visited)

Altars:
Cheibriados
Dithmenos
Elyvilon
Gozag
Hepliaklqana
Kikubaaqudgha
Makhleb
Nemelex Xobeh
Okawaru
Ru
Uskayaw
Vehumet
Xom
Yredelemnul

Shops:
D:15 ?   Orc:2 =*([   Elf:1 =   Elf:3 (   Snake:4 ::=   Zot:4 *

Portals:
Hell: Depths:1 Depths:2 Depths:3 Depths:4
Abyss: Depths:3
Pandemonium: Depths:2
Ziggurat: Depths:4
Trove: D:11 (give 8 potions of haste)

Annotations:
D:3 1 runed translucent door, knightboat's ghost, amateur BaWr
D:5 1 runed translucent door, Crazy Yiuf
D:7 3 runed translucent doors, pigah's ghost, novice OpWn
D:12 1 runed translucent door
Lair:4 exclusion: fire dragon
Snake:2 Vashnia
Snake:3 2 runed translucent doors, Woigomae's ghost, adept OpVM
Depths:1 3 runed translucent doors, exclusion: obsidian statue, Xutext's ghost, adept DsAK
Zot:5 5 exclusions


Innate Abilities, Weirdness & Mutations

You are a living statue of rough stone.
Your actions are slow, but your melee attacks are powerful.
You are resistant to unholy torment.
Your maximum health is greatly increased.
Your equipment is partially melded.
Your mind is acute. (Int +4, Str/Dex -1)
Your flesh is heat resistant. (rF+)
Your system is resistant to poisons. (rPois)


Message History

Confirm with . or Enter, or press ? or * to list all spells.
Okay, then.
Casting: Borgnjor's Vile Clutch (safe; 1% risk of failure)
Confirm with . or Enter, or press ? or * to list all spells.
You feel a surge of power!
You turn into a living statue of rough stone.
Your +2 pair of gloves melds into your body.
The +2 pair of boots "Xuuloe Foite" {rC+ Int+5} melds into your body.
Your +2 robe of the Archmagi melds into your body.
You feel strangely numb.
Casting: Statue Form (mildly dangerous; 1% risk of failure)
Confirm with . or Enter, or press ? or * to list all spells.
Your blood is infused with primal strength.
Casting: Wereblood (safe; 0% risk of failure)
Confirm with . or Enter, or press ? or * to list all spells.
Okay, then.
Casting: Wereblood (safe; 0% risk of failure)
Confirm with . or Enter, or press ? or * to list all spells.
You begin teleporting projectiles to their destination.
Casting: Portal Projectile (safe; 1% risk of failure)
Confirm with . or Enter, or press ? or * to list all spells.
You revert to your normal fleshy form.
Your +2 pair of gloves unmelds from your body.
The +2 pair of boots "Xuuloe Foite" {rC+ Int+5} unmelds from your body.
Your +2 robe of the Archmagi unmelds from your body.
You feel powerful.
The reaper blinks!
Your +9 longbow of flaming stops flaming.
b - a staff of earth (weapon)
Casting: Disjunction (mildly dangerous; 1% risk of failure)
Confirm with . or Enter, or press ? or * to list all spells.
You feel a strong surge of power!
You turn into a living statue of rough stone.
Your +2 pair of gloves melds into your body.
The +2 pair of boots "Xuuloe Foite" {rC+ Int+5} melds into your body.
Your +2 robe of the Archmagi melds into your body.
You feel strangely numb.
Your +9 longbow of flaming bursts into flame!
a - a +9 longbow of flaming (weapon)
The reaper blinks!
You have escaped!

...P.P.##.####.#.#.#.####.#
...P.............>........#
############...####..######
.............#.......#
...########..#.#####.##
...'...####..#.# #..##
...###.......#.# ##..##
#.....#####....### ##..#
..###.....######8######.##
.......##.#......[....#..#
..###.....#'####'####+##.##
.......#..§..##....##.....#
####.....^##..#2##.###.#..#
..........................#
####...#.####.....###.....#
# #....#.# ##....# #..####
# #......######.### ##.###


You could see a reaper.

Vanquished Creatures
  A dread lich (Zot:5)
  7 ancient liches
  5 orbs of fire
  A juggernaut (Depths:2)
  3 Killer Klowns (Zot:5)
  Sojobo (Depths:4)
  Frederick (Depths:4)
  8 golden dragons
  A bone dragon (Depths:4)
  the Enchantress (Depths:2)
  4 electric golems
  Jorgrun (Snake:1)
  20 tentacled monstrosities
  22 Orb Guardians
  2 liches
  A walking earthen tome (Depths:4)
  5 deep elf blademasters (Elf:3)
  8 titans
  11 quicksilver dragons
  2 deep elf master archers (Elf:3)
  Asterion (Elf:3)
  Kirke (Snake:1)
  4 sphinxes
  Frances (Snake:1)
  15 death cobs
  A thorn hunter (Swamp:3)
  8 shadow dragons
  15 storm dragons
  6 draconian monks
  6 tengu reavers
  5 nagarajas
  3 fenstrider witches
  10 fire giants
  2 balrugs (Depths:3)
  Roxanne (Elf:2)
  6 draconian knights
  10 deep elf sorcerers
  16 vault wardens
  Louise (Snake:4)
  9 frost giants
  4 iron dragons (Vaults:5)
  10 draconian scorchers
  2 deep elf elementalists
  A demonspawn corrupter (D:11)
  11 draconian shifters
  8 ghost moths
  An orc warlord (Orc:1)
  7 draconian stormcallers
  4 spriggan defenders
  4 draconian annihilators
  2 cacodemons (Depths:3)
  18 ironbound preservers
  6 ironbound thunderhulks
  13 very ugly things
  19 stone giants
  A formless jellyfish (Vaults:4)
  2 war gargoyles
  5 vampire knights
  A reaper (Depths:3)
  Nessos (D:14)
  4 deep elf demonologists
  15 yellow draconians
  13 black draconians
  8 deep elf annihilators
  12 white draconians
  8 spark wasps
  14 dire elephants
  15 green draconians
  4 bunyips
  26 red draconians
  7 eleionomae
  16 purple draconians
  2 lorocyprocas
  3 deep elf death magi
  An entropy weaver (shapeshifter) (Elf:2)
  9 fire dragons
  Snorg (Lair:5)
  A blizzard demon (D:12)
  2 entropy weavers
  3 jiangshi (Depths:2)
  10 yaktaur captains
  13 ettins
  7 great orbs of eyes
  Harold (D:9)
  32 vault guards
  2 rakshasas (Depths:3)
  21 hydras
  4 deep elf high priests
  2 hell beasts (Depths:3)
  2 salamander tyrants (Snake:4)
  6 spriggan air magi
  Erica (D:8)
  A peacekeeper (Vaults:4)
  7 ice dragons
  7 anacondas
  6 ironbound frosthearts
  An alligator (shapeshifter) (Vaults:5)
  A death knight (D:15)
  14 centaur warriors
  7 death yaks (Lair:5)
  6 boulder beetles
  2 catoblepae
  35 dancing weapons
  8 two-headed ogres
  15 alligators
  3 ogre magi
  A tengu warrior (Depths:2)
  17 naga warriors
  8 deep troll earth magi
  5 deep troll shamans
  2 vampire magi (Depths:2)
  20 naga sharpshooters
  8 spriggan berserkers
  20 deep elf knights
  5 soul eaters (Depths:3)
  4 shock serpents
  18 spriggans
  9 salamander mystics
  A shadow wraith (Vaults:5)
  3 skysharks
  A sun demon (Depths:3)
  13 iron trolls
  4 sixfirhies
  3 naga ritualists (Snake:4)
  7 goliath frogs
  53 deep trolls
  A shadow demon (D:11)
  3 spriggan druids
  8 bog bodies
  A flayed ghost (Depths:2)
  2 obsidian statues
  13 deep elf archers
  9 swamp dragons
  15 slime creatures
  16 ironbound convokers
  12 lindwurms
  6 phantasmal warriors
  10 wizards
  A lindwurm (shapeshifter) (Elf:3)
  A necromancer (Vaults:1)
  An orc knight (Vaults:3)
  A glowing orange brain (Depths:2)
  27 deep elf zephyrmancers
  22 deep elf pyromancers
  8 mana vipers
  11 orc sorcerers
  5 cyclopes
  A frost giant zombie (Vaults:1)
  4 will-o-the-wisps
  21 moths of wrath
  18 salamanders
  55 ugly things
  3 manticores
  11 elephants
  20 vault sentinels
  25 black mambas
  A rust devil (Depths:3)
  A centaur zombie (D:12)
  16 naga magi
  3 guardian serpents
  A stone giant skeleton (Vaults:1)
  A smoke demon (Depths:3)
  A black mamba (shapeshifter) (D:13)
  Joseph (D:8)
  2 gargoyles
  2 water nymphs (Swamp:1)
  An orange demon (Depths:3)
  19 cane toads
  16 yaktaurs
  An unseen horror (shapeshifter) (Elf:1)
  Psyche (D:8)
  A hellion (Zot:4)
  Maggie (D:6)
  5 efreet
  4 komodo dragons
  An ice devil (Depths:2)
  A human skeleton (Vaults:1)
  3 freezing wraiths
  A bloated husk (Swamp:1)
  2 tengu conjurers
  17 trolls
  3 meliai (D:13)
  3 polar bears
  A harpy zombie (Vaults:1)
  3 tyrant leeches
  Prince Ribbit (D:9)
  14 hornets
  11 blink frogs
  A blink frog (shapeshifter) (Vaults:5)
  6 dream sheep (Lair:5)
  A meliai zombie (D:12)
  Sigmund (D:5)
  4 air elementals
  3 jumping spiders (shapeshifter) (Vaults:5)
  8 water elementals
  6 wraiths
  3 shadows (D:12)
  76 yaks
  2 wyverns
  A vampire (D:12)
  2 hogs (Snake:1)
  6 basilisks
  A steam dragon (D:6)
  3 fire elementals (Elf:1)
  14 vampire mosquitoes
  2 chaos spawn (Elf:1)
  3 redbacks (Vaults:3)
  58 nagas
  13 swamp worms
  5 wargs (Orc:2)
  Edmund (D:6)
  A human simulacrum (Vaults:1)
  3 acid dragons
  18 water moccasins
  A water moccasin (shapeshifter) (Vaults:5)
  A floating eye (Depths:4)
  An ice beast (D:6)
  13 orc warriors
  5 swamp drakes (Swamp:4)
  3 black bears
  3 boggarts (Vaults:1)
  32 wolves
  17 ogres
  15 centaurs
  Blork the orc (D:6)
  2 kobold brigands
  2 earth elementals
  4 bullfrogs
  A gnoll sergeant (D:8)
  A scorpion (D:6)
  9 wights
  5 killer bees
  4 howler monkeys
  5 electric eels
  6 hounds
  2 jellies
  13 orc priests
  A gnoll bouda (D:7)
  4 iguanas
  A sleepcap (D:7)
  Jessica (D:2)
  41 orc wizards
  5 hell rats (Lair:1)
  Robin (D:2)
  11 gnolls
  8 adders
  2 shadow imps
  4 ufetubi
  5 worms
  3 dart slugs
  86 orcs
  10 endoplasms
  3 giant cockroaches
  14 goblins
  7 hobgoblins
  A jackal (D:2)
  10 kobolds
  4 quokkas
  2 ball pythons
  4 bats
  4 frilled lizards
  8 rats
2024 creatures vanquished.

Vanquished Creatures (collateral kills)
  the Lernaean hydra (Swamp:4)
  A draconian monk (Zot:4)
  An ironbound preserver (D:14)
  A minotaur (Gauntlet)
  A salamander tyrant (Lair:2)
  A centaur warrior (D:14)
  A swamp dragon (Swamp:4)
  A cyclops (D:14)
  A vampire mosquito (D:10)
  4 orcs (D:10)
13 creatures vanquished.

Vanquished Creatures (others)
  A draconian scorcher (Zot:1)
  A phantasmal warrior (Vaults:5)
  A deep elf zephyrmancer (Elf:1)
  2 moths of wrath (Zot:4)
  A bloated husk (Swamp:3)
  2 orc wizards
  A fire vortex (Lair:3)
  12 foxfires
21 creatures vanquished.

Grand Total: 2058 creatures vanquished

Notes
Turn   | Place    | Note
-------+----------+-------------------------------------------
     0 | D:5      | iguanaiguana the Deep Elf Delver began the quest for the
                  | Orb.
     0 | D:5      | Reached XP level 1. HP: 13/13 MP: 3/3
    20 | D:5      | Noticed Sigmund
    26 | D:5      | Noticed a water moccasin
   216 | D:2      | Reached skill level 1 in Ranged Weapons
   248 | D:2      | Reached XP level 2. HP: 18/18 MP: 4/4
   401 | D:1      | Reached XP level 3. HP: 22/22 MP: 5/5
  1091 | D:2      | Noticed Jessica
  1092 | D:2      | Killed Jessica
  1093 | D:2      | Reached skill level 5 in Ranged Weapons
  1093 | D:2      | Reached XP level 4. HP: 27/27 MP: 6/6
  1407 | D:2      | Noticed Robin
  1439 | D:2      | Identified the +0 robe of Guiggoxeo {rC- Str+2 Dex+3}
  1440 | D:2      | Killed Robin
  1791 | D:3      | Found a runed translucent door.
  1791 | D:3      | Noticed knightboat's ghost (amateur BaWr)
  1826 | D:3      | Found a shimmering altar of Xom.
  1827 | D:3      | Found a shimmering altar of Xom.
  1827 | D:3      | Found a shimmering altar of Xom.
  1827 | D:3      | Found a shimmering altar of Xom.
  1828 | D:3      | Found a shimmering altar of Xom.
  1875 | D:3      | Reached XP level 5. HP: 18/31 MP: 7/7
  1951 | D:3      | Found a faded altar of an unknown god.
  2159 | D:3      | Found a sacrificial altar of Ru.
  2543 | D:4      | Noticed an ogre
  2553 | D:4      | Noticed a black bear
  2583 | D:4      | Killed a black bear
  2584 | D:4      | Reached XP level 6. HP: 36/36 MP: 8/8
  2845 | D:4      | Found a basalt altar of Yredelemnul.
  3249 | D:5      | Identified the +11 war axe "Zomeloul" {flame, Fragile rF++
                  | rC+}
  3266 | D:5      | Found a snail-covered altar of Cheibriados.
  3295 | D:5      | Became a worshipper of Cheibriados the Contemplative
  3326 | D:5      | Reached XP level 7. HP: 42/42 MP: 9/9
  3448 | D:5      | Found a hide-covered altar of Uskayaw.
  3766 | D:5      | Found a runed translucent door.
  3767 | D:5      | Noticed Crazy Yiuf
  3947 | D:6      | Noticed Blork the orc
  4278 | D:5      | Killed Sigmund
  4279 | D:5      | Reached skill level 5 in Dodging
  4374 | D:6      | Killed Blork the orc
  4375 | D:6      | Reached skill level 1 in Invocations
  4377 | D:6      | Reached XP level 8. HP: 37/48 MP: 7/11
  4462 | D:6      | Noticed Maggie
  4481 | D:6      | HP: 3/72 [Maggie/bolt of fire (12)]
  4489 | D:6      | Killed Maggie
  4489 | D:6      | Reached * piety under Cheibriados
  4679 | D:6      | Reached skill level 10 in Ranged Weapons
  4787 | D:6      | Found a hazy altar of Hepliaklqana.
  4787 | D:6      | Found a burning altar of Makhleb.
  4953 | D:6      | Reached XP level 9. HP: 49/52 MP: 12/14
  4961 | D:6      | Noticed Edmund
  4979 | D:6      | Killed Edmund
  5183 | D:6      | Found a staircase to the Ecumenical Temple.
  5597 | D:7      | Reached ** piety under Cheibriados
  5771 | D:7      | Found a shadowy altar of Dithmenos.
  5976 | D:7      | Found a runed translucent gate.
  5984 | D:7      | Found a runed translucent gate.
  5984 | D:7      | Found a runed translucent gate.
  5985 | D:7      | Noticed pigah's ghost (novice OpWn)
  6535 | D:8      | Noticed Joseph
  6655 | D:8      | Killed Joseph
  6824 | D:8      | Reached skill level 15 in Ranged Weapons
  6840 | D:8      | Reached XP level 10. HP: 56/56 MP: 15/15
  7006 | D:8      | Reached *** piety under Cheibriados
  7049 | D:8      | Noticed Erica
  7058 | D:8      | Killed Erica
  7269 | D:8      | Reached skill level 1 in Spellcasting
  7269 | D:8      | Reached skill level 1 in Translocations
  7424 | D:8      | Learned a level 2 spell: Blink
  7426 | D:8      | Learned a level 1 spell: Apportation
  7544 | D:8      | Noticed Psyche
  7548 | D:8      | Killed Psyche
  7839 | D:9      | Reached **** piety under Cheibriados
  7848 | D:9      | Reached skill level 5 in Translocations
  7854 | D:9      | Identified the +1 mace "Illo" {holy, Int+4}
  7928 | D:9      | Identified the +5 short sword of Lust {heavy, rN+ Int+8}
  7980 | D:9      | Noticed Harold
  7994 | D:9      | Killed Harold
  7995 | D:9      | Reached XP level 11. HP: 61/61 MP: 14/16
  7999 | D:9      | Noticed Prince Ribbit
  8004 | D:9      | Killed Prince Ribbit
  8007 | D:9      | Noticed a white ugly thing
  8014 | D:9      | Killed a white ugly thing
  8015 | D:9      | Reached skill level 5 in Invocations
  8428 | D:9      | Found a white marble altar of Elyvilon.
  8487 | D:9      | Found a sparkling altar of Nemelex Xobeh.
  8766 | D:10     | Entered Level 10 of the Dungeon
  8769 | D:10     | Noticed a two-headed ogre
  8781 | D:10     | Killed a two-headed ogre
  9037 | D:10     | Noticed a boulder beetle
  9037 | D:10     | Noticed a boulder beetle
  9224 | D:10     | Reached skill level 5 in Fighting
  9406 | D:10     | Found an opulent altar of Gozag.
  9443 | D:10     | Reached skill level 1 in Evocations
  9446 | D:10     | Reached ***** piety under Cheibriados
  9570 | D:10     | Identified the ring of the Devil's Team {Contam rN+ EV+5
                  | Dex+2}
  9653 | D:10     | Found an iron altar of Okawaru.
  9834 | D:10     | Found a staircase to the Orcish Mines.
  9965 | D:10     | Killed a boulder beetle
  9999 | D:10     | Killed a boulder beetle
 10152 | D:11     | Found a portal to a secret trove of treasure.
 10260 | D:11     | Noticed a purple ugly thing
 10459 | D:11     | Reached XP level 12. HP: 52/68 MP: 17/21
 10518 | D:11     | Reached skill level 10 in Invocations
 10527 | D:11     | Found a staircase to the Lair.
 11065 | D:11     | Identified a scroll of acquirement
 11140 | Lair:1   | Entered Level 1 of the Lair of Beasts
 11141 | Lair:1   | Noticed a boulder beetle
 11156 | Lair:1   | Killed a boulder beetle
 12011 | Lair:2   | Noticed a five-headed hydra
 12124 | Lair:2   | Killed a five-headed hydra
 12125 | Lair:2   | Reached skill level 10 in Fighting
 12516 | Lair:2   | Found a staircase to the Snake Pit.
 12550 | Lair:2   | Found a staircase to the Swamp.
 12912 | Lair:2   | Reached XP level 13. HP: 57/82 MP: 6/22
 13612 | Lair:3   | Reached skill level 10 in Dodging
 14109 | Lair:4   | Found a gate leading to a gauntlet.
 14119 | Gauntlet | Entered a Gauntlet
 14119 | Gauntlet | Found a transporter.
 14119 | Gauntlet | Found a runed translucent gate.
 14119 | Gauntlet | Found a transporter.
 14121 | Gauntlet | Found a runed translucent gate.
 14132 | Gauntlet | Found a transporter.
 14149 | Gauntlet | Found a transporter.
 14149 | Gauntlet | Found a transporter.
 14149 | Gauntlet | Found a transporter.
 14151 | Gauntlet | Found a transporter.
 14151 | Gauntlet | Found a transporter.
 14151 | Gauntlet | Noticed a dire elephant
 14166 | Gauntlet | Found a transporter.
 14179 | Gauntlet | Found a transporter.
 14188 | Gauntlet | Found a transporter.
 14192 | Gauntlet | Found a runed translucent door.
 14206 | Gauntlet | Found a transporter.
 14223 | Gauntlet | Found a transporter.
 14235 | Gauntlet | Found a transporter.
 14249 | Gauntlet | Found a runed translucent gate.
 14262 | Gauntlet | Acquired a manual of Earth Magic
 14270 | Gauntlet | Reached skill level 1 in Necromancy
 14304 | Gauntlet | Killed a dire elephant
 14325 | Gauntlet | Got the Encyclopedia of the Tuna
 14334 | Gauntlet | Learned a level 5 spell: Borgnjor's Vile Clutch
 14347 | Gauntlet | Reached skill level 5 in Earth Magic
 14348 | Gauntlet | Identified the +0 pair of boots of Truth {Stlth+}
 14382 | Gauntlet | Identified the ring of Life {+Blink rElec rPois Will-
                  | Int+6}
 14382 | Gauntlet | Noticed a minotaur
 14392 | Gauntlet | Killed a minotaur
 14421 | Gauntlet | Identified the ring "Vez Leax" {*Slow rPois Will+ Str+6}
 14421 | Gauntlet | Identified the ring "Abaed" {rC++ rN+ Will- Int+5}
 14422 | Gauntlet | Got Jiasy's Octavo of Breezy Effluvium
 14423 | Gauntlet | Upgraded the game from 0.31-a0-150-g89dc3ad700 to
                  | 0.31-a0-152-g6aa68a64a1
 14542 | Lair:4   | Noticed a fire dragon
 15080 | Lair:5   | Entered Level 5 of the Lair of Beasts
 15147 | Lair:5   | Noticed Snorg
 15159 | Lair:5   | Killed Snorg
 15314 | Lair:5   | Reached skill level 5 in Necromancy
 15329 | Lair:5   | Reached skill level 5 in Spellcasting
 15497 | Lair:5   | Found a staircase to the Slime Pits.
 15596 | Lair:5   | Reached ****** piety under Cheibriados
 15787 | Lair:5   | Reached XP level 14. HP: 88/88 MP: 24/24
 15940 | Lair:5   | Reached skill level 10 in Earth Magic
 16313 | Lair:5   | Learned a level 2 spell: Passwall
 16741 | Lair:5   | Identified the +1 halberd of the Blessed Realm {speed,
                  | rElec}
 17204 | D:12     | Reached skill level 1 in Armour
 17844 | D:12     | Found a runed translucent door.
 17844 | D:12     | Noticed a tengu reaver
 17845 | D:12     | Noticed a fire giant
 17956 | Orc:1    | Entered Level 1 of the Orcish Mines
 18025 | Orc:1    | Paralysed by an orc sorcerer for 2 turns
 18145 | Orc:1    | Paralysed by an orc sorcerer for 5 turns
 18176 | Orc:1    | Found a radiant altar of Vehumet.
 18194 | Orc:1    | Noticed an orc warlord
 18211 | Orc:1    | Killed an orc warlord
 18527 | Orc:2    | Entered Level 2 of the Orcish Mines
 18865 | Orc:2    | Found Jexax's General Store.
 18865 | Orc:2    | Found Myozxiv's Jewellery Boutique.
 18883 | Orc:2    | Bought a +6 ring of dexterity for 504 gold pieces
 18917 | Orc:2    | Found a staircase to the Elven Halls.
 18965 | Orc:2    | Reached XP level 15. HP: 91/93 MP: 25/25
 19102 | Orc:2    | Found Ocruquum's Antique Armour Emporium.
 19102 | Orc:2    | Found Kauraig's Weapon Boutique.
 19343 | Orc:2    | Bought a scroll of teleportation for 51 gold pieces
 19343 | Orc:2    | Bought a wand of acid (1) for 71 gold pieces
 19861 | D:13     | Identified the +8 rapier "Ciqeob" {freeze, rPois rF+ Str+3}
 20456 | D:14     | Noticed Nessos
 20460 | D:14     | Killed Nessos
 20642 | D:14     | Found a gate to the Vaults.
 20692 | D:14     | Found a frozen archway.
 21339 | D:15     | Entered Level 15 of the Dungeon
 21606 | D:15     | Found Isokucs's Magic Scroll Shoppe.
 22380 | D:15     | Found a staircase to the Depths.
 22536 | D:15     | Bought a scroll of enchant armour for 90 gold pieces
 22537 | D:15     | Bought a scroll of immolation for 48 gold pieces
 22537 | D:15     | Bought a scroll of fog for 48 gold pieces
 22537 | D:15     | Bought a scroll of poison for 48 gold pieces
 22537 | D:15     | Bought a scroll of teleportation for 36 gold pieces
 22720 | Snake:1  | Entered Level 1 of the Snake Pit
 22720 | Snake:1  | Noticed Frances
 22788 | Snake:1  | Killed Frances
 23155 | Snake:1  | Reached XP level 16. HP: 101/101 MP: 20/26
 23308 | Snake:1  | Noticed Jorgrun
 23315 | Snake:1  | Killed Jorgrun
 23350 | Snake:1  | Noticed Kirke
 23362 | Snake:1  | Killed Kirke
 25172 | Snake:2  | Identified the +2 robe "Juesaann" {Contam rPois rF+++
                  | rCorr}
 25343 | Snake:2  | Noticed Vashnia
 25356 | Snake:2  | Reached skill level 15 in Dodging
 26289 | Snake:3  | Found a large runed translucent door.
 26289 | Snake:3  | Found a large runed translucent door.
 27126 | Snake:3  | Noticed Woigomae's ghost (adept OpVM)
 27144 | Snake:4  | Entered Level 4 of the Snake Pit
 27144 | Snake:4  | Identified the +3 tower shield of the Untouchables {Dex+3
                  | Slay+4}
 27144 | Snake:4  | Noticed Louise
 27191 | Snake:4  | Killed Louise
 27286 | Snake:4  | Reached XP level 17. HP: 109/109 MP: 27/27
 27758 | Snake:4  | Got a serpentine rune of Zot
 28221 | Snake:4  | Found Olueddirch's Book Emporium.
 28222 | Snake:4  | Found Gauzxeg's Jewellery Boutique.
 28223 | Snake:4  | Found Oboes's Book Emporium.
 28353 | Snake:4  | Bought a book of the Earth for 850 gold pieces
 28359 | Snake:4  | Learned a level 5 spell: Lee's Rapid Deconstruction
 28454 | Swamp:1  | Entered Level 1 of the Swamp
 28486 | Swamp:1  | Reached skill level 1 in Transmutations
 28520 | Swamp:1  | Learned a level 6 spell: Statue Form
 28613 | Swamp:1  | Reached skill level 5 in Transmutations
 29306 | Swamp:2  | Reached skill level 10 in Transmutations
 29730 | Swamp:2  | Upgraded the game from 0.31-a0-152-g6aa68a64a1 to
                  | 0.31-a0-154-g56bf346678
 30821 | Swamp:3  | Reached XP level 18. HP: 116/116 MP: 19/30
 31058 | Swamp:3  | Identified the +2 robe "Hugudix" {Str+3}
 31503 | Swamp:4  | Entered Level 4 of the Swamp
 31620 | Swamp:4  | Identified the +6 scale mail of the Planets {Harm rCorr
                  | Str+3}
 31800 | Swamp:4  | Acquired the +2 pair of boots "Xuuloe Foite" {rC+ Int+5}
 32048 | Swamp:4  | Reached skill level 5 in Evocations
 32127 | Swamp:4  | Noticed the 27-headed Lernaean hydra
 32132 | Swamp:4  | Killed the 27-headed Lernaean hydra
 32338 | Swamp:4  | Got a decaying rune of Zot
 32740 | Elf:1    | Entered Level 1 of the Elven Halls
 32783 | Elf:1    | Found a radiant altar of Vehumet.
 33077 | Elf:1    | Reached skill level 10 in Evocations
 33163 | Elf:1    | Found Kiorchuck's Jewellery Shoppe.
 33630 | Elf:1    | Found the +3 hat of Pondering {ponderous, Will+ MP+10
                  | Int+5}
 33756 | Elf:1    | Learned a level 2 spell: Wereblood
 33764 | Elf:1    | Paralysed by an air elemental for 1 turns
 34248 | Elf:2    | Identified the +8 quarterstaff "Okhiap" {spect, rPois Dex+3
                  | Stlth+}
 34445 | Elf:2    | Found a runed translucent gate.
 34445 | Elf:2    | Found a runed translucent gate.
 34446 | Elf:2    | Found a runed translucent gate.
 34484 | Elf:2    | Identified Roxanne's Guidebook on Transfiguration
 34484 | Elf:2    | Noticed Roxanne
 34489 | Elf:2    | Killed Roxanne
 34578 | Elf:2    | Reached XP level 19. HP: 121/121 MP: 30/31
 35290 | Elf:3    | Entered Level 3 of the Elven Halls
 35340 | Elf:3    | Found Zafui's Weapon Shop.
 35382 | Elf:3    | Noticed Asterion
 35391 | Elf:3    | Killed Asterion
 36071 | Elf:3    | Identified the +1 ring mail of Youthful Indiscretion
                  | {Int+3}
 36385 | Elf:3    | Reached skill level 15 in Fighting
 36749 | Elf:3    | Found the +7 sceptre of Torment {pain, torment}
 36801 | Elf:3    | Identified the staff of death "Buicaram" {*Corrode rElec
                  | rN+ Will++}
 36802 | Elf:3    | Identified the +6 hand axe "Kaeskai" {freeze, Str+2}
 36890 | Elf:3    | Identified the ring "Jidoemm" {rC++ Int+6}
 36903 | Elf:3    | Got the Directory of Dark Ceremonies and Space
 36905 | Elf:3    | Identified the +6 long sword of the Jester {spect, rElec
                  | Dex+3}
 36906 | Elf:3    | Identified the staff of poison "Vibakote" {rPois rF- rN+
                  | Int+3}
 36915 | Elf:3    | Identified the +10 hand axe "Hellblazer" {flame, rPois
                  | Int+4}
 36918 | Elf:3    | Identified the +2 robe "Ulaliu" {Contam rPois rN++ Dex+8}
 36921 | Elf:3    | Got Sif Muna's Handbook of Gaseous Arcane Weapons
 36939 | Elf:3    | Identified the +1 ring mail "Beorico" {rCorr Str+2 Slay+3}
 36981 | Elf:3    | Identified the +9 dagger of Doom {venom, rF- Will+ Str+3}
 36984 | Elf:3    | Got the Folio of Amathomancy
 37445 | Depths:1 | Entered Level 1 of the Depths
 37576 | Depths:1 | Found a runed translucent gate.
 37576 | Depths:1 | Found a runed translucent gate.
 37684 | Depths:1 | Reached XP level 20. HP: 131/131 MP: 30/32
 38169 | Depths:1 | Found a gateway to Hell.
 38401 | Depths:1 | Found an opulent altar of Gozag.
 38402 | Depths:1 | Found a runed translucent gate.
 38405 | Depths:1 | Noticed Xutext's ghost (adept DsAK)
 38970 | Depths:2 | Identified the amulet "Gosty" {RegenMP MP+9 Int+4 Dex-5}
 38983 | Depths:2 | Noticed a juggernaut
 38984 | Depths:2 | Noticed a golden dragon
 38996 | Depths:2 | Killed a juggernaut
 39004 | Depths:2 | Killed a golden dragon
 39081 | Depths:2 | Identified the +8 shortbow of the Hundredfold Scars {drain,
                  | Str+5 Dex+2}
 39181 | Depths:2 | Noticed the Enchantress
 39187 | Depths:2 | Killed the Enchantress
 39347 | Depths:2 | Found a one-way gate leading to the halls of Pandemonium.
 40106 | Depths:3 | Found a one-way gate to the infinite horrors of the Abyss.
 40500 | Depths:3 | Gained mutation: You occasionally lose the ability to drink
                  | potions when taking damage. [a cacodemon]
 40517 | Depths:3 | Reached XP level 21. HP: 77/142 MP: 15/33
 40601 | Depths:2 | Lost mutation: You occasionally lose the ability to drink
                  | potions when taking damage. [potion of mutation]
 40601 | Depths:2 | Gained mutation: Your mind is acute. (Int +4, Str/Dex -1)
                  | [potion of mutation]
 40601 | Depths:2 | Gained mutation: You are weak. (Str -2) [potion of
                  | mutation]
 40601 | Depths:2 | Gained mutation: You have a pair of small horns on your
                  | head. [potion of mutation]
 41301 | Depths:4 | Entered Level 4 of the Depths
 41402 | Depths:4 | Noticed Sojobo
 41415 | Depths:4 | Paralysed by an air elemental for 1 turns
 41419 | Depths:4 | Killed Sojobo
 41822 | Depths:4 | Found a gate to the Realm of Zot.
 41903 | Depths:4 | Found a one-way gateway to a ziggurat.
 42065 | Depths:4 | Noticed Frederick
 42081 | Depths:4 | Killed Frederick
 42665 | Vaults:1 | Entered Level 1 of the Vaults
 42687 | Vaults:1 | Reached skill level 10 in Stealth
 42781 | Vaults:1 | Found a flickering gateway to a bazaar.
 42796 | Bazaar   | Entered a bazaar
 42796 | Bazaar   | Found Saegaumn's Antique Weapon Shop.
 42796 | Bazaar   | Found Iggoclal's Antique Armour Shop.
 42803 | Bazaar   | Bought a runed cloak for 165 gold pieces
 42839 | Bazaar   | Found Wofef's Distillery.
 42847 | Bazaar   | Bought a potion of curing for 30 gold pieces
 42847 | Bazaar   | Bought a potion of magic for 80 gold pieces
 42847 | Bazaar   | Bought a potion of resistance for 100 gold pieces
 42847 | Bazaar   | Bought a potion of curing for 30 gold pieces
 42847 | Bazaar   | Bought a potion of curing for 30 gold pieces
 42847 | Bazaar   | Bought a potion of enlightenment for 50 gold pieces
 42847 | Bazaar   | Bought a potion of mutation for 80 gold pieces
 43305 | Vaults:1 | Reached skill level 15 in Stealth
 43854 | Vaults:1 | Found the +18 shield of the Gong {Loud rN+ Will+ rCorr
                  | EV-5}
 44697 | Vaults:2 | Reached XP level 22. HP: 152/152 MP: 34/34
 44902 | Vaults:2 | Found a staircase to the Crypt.
 44902 | Vaults:2 | Found an ancient bone altar of Kikubaaqudgha.
 44902 | Vaults:2 | Found a basalt altar of Yredelemnul.
 45231 | Vaults:3 | Reached skill level 1 in Throwing
 45442 | Vaults:3 | Reached skill level 5 in Throwing
 46679 | Vaults:4 | Identified the +7 scimitar of Cowardice {freeze, rElec}
 46926 | Vaults:4 | Learned a level 3 spell: Portal Projectile
 46972 | Vaults:4 | Reached skill level 10 in Throwing
 47570 | Vaults:4 | You fall into a shaft and drop 1 floor!
 47570 | Vaults:5 | Entered Level 5 of the Vaults
 47788 | Vaults:5 | Reached XP level 23. HP: 156/156 MP: 8/35
 48041 | Vaults:5 | Reached skill level 10 in Translocations
 48171 | Vaults:5 | Noticed an ancient lich
 48178 | Vaults:5 | Identified the amulet "Suqoyrch" {Fly Regen+ MP-9 Dex+3}
 48185 | Vaults:5 | Killed an ancient lich
 48249 | Vaults:5 | Got a silver rune of Zot
 48442 | Vaults:5 | Noticed an ancient lich
 48448 | Vaults:5 | Killed an ancient lich
 48713 | Vaults:5 | Learned a level 6 spell: Dispersal
 48808 | Vaults:5 | Identified the +0 chain mail of the Usurping Gods {Dex+6}
 49764 | Zot:1    | Entered Level 1 of the Realm of Zot
 49975 | Zot:1    | Reached skill level 15 in Translocations
 50602 | Zot:1    | Noticed an orb of fire
 50607 | Zot:1    | Killed an orb of fire
 50676 | Zot:1    | Reached XP level 24. HP: 91/163 MP: 7/35
 51947 | Zot:2    | Reached skill level 10 in Spellcasting
 52802 | Zot:3    | Noticed an orb of fire
 52808 | Zot:3    | Killed an orb of fire
 53536 | Zot:3    | Reached skill level 15 in Spellcasting
 54034 | Zot:4    | Found Racisoz's Changing Room.
 54043 | Zot:4    | Reached skill level 15 in Invocations
 54125 | Zot:4    | Bought a potion of lignification for 48 gold pieces
 54125 | Zot:4    | Bought a potion of lignification for 48 gold pieces
 54125 | Zot:4    | Bought a potion of mutation for 128 gold pieces
 54131 | Zot:4    | Bought Sif Muna's Vellum of Reformation for 480 gold pieces
 54266 | Zot:4    | Reached XP level 25. HP: 168/168 MP: 44/44
 54991 | Snake:4  | Bought a book of Chaos for 600 gold pieces
 55000 | Snake:4  | Learned a level 8 spell: Disjunction
 56031 | Zot:5    | Entered Level 5 of the Realm of Zot
 56842 | Zot:5    | Noticed an orb of fire
 56851 | Zot:5    | Killed an orb of fire
 56852 | Zot:5    | Noticed a Killer Klown
 56861 | Zot:5    | Killed a Killer Klown
 56977 | Zot:5    | Noticed a Killer Klown
 56979 | Zot:5    | Noticed an ancient lich
 56981 | Zot:5    | Noticed an orb of fire
 56982 | Zot:5    | Noticed an ancient lich
 56987 | Zot:5    | Killed an ancient lich
 56987 | Zot:5    | Gained mutation: You are clumsy. (Dex -2) [an orb of fire]
 56989 | Zot:5    | Killed an orb of fire
 56989 | Zot:5    | Noticed an ancient lich
 56990 | Zot:5    | Killed an ancient lich
 57000 | Zot:5    | Killed an ancient lich
 57007 | Zot:5    | Killed a Killer Klown
 57063 | Zot:5    | Noticed an orb of fire
 57077 | Zot:5    | Noticed a dread lich
 57078 | Zot:5    | Gained mutation: Your system is resistant to poisons.
                  | (rPois) [an orb of fire]
 57080 | Zot:5    | Gained mutation: You are vulnerable to heat. (rF-) [an orb
                  | of fire]
 57081 | Zot:5    | Killed an orb of fire
 57082 | Zot:5    | Reached skill level 15 in Evocations
 57088 | Zot:5    | Killed a dread lich
 57090 | Zot:5    | Lost mutation: You are clumsy. (Dex -2) [potion of
                  | mutation]
 57090 | Zot:5    | Lost mutation: You are vulnerable to heat. (rF-) [potion of
                  | mutation]
 57090 | Zot:5    | Lost mutation: You have a pair of small horns on your head.
                  | [potion of mutation]
 57090 | Zot:5    | Gained mutation: Your flesh is heat resistant. (rF+)
                  | [potion of mutation]
 57090 | Zot:5    | Lost mutation: You are weak. (Str -2) [potion of mutation]
 57120 | Zot:5    | Noticed an ancient lich
 57120 | Zot:5    | Noticed a Killer Klown
 57132 | Zot:5    | Killed an ancient lich
 57136 | Zot:5    | Killed a Killer Klown
 57267 | Zot:5    | Noticed an ancient lich
 57287 | Zot:5    | Killed an ancient lich
 57480 | Zot:5    | Reached XP level 26. HP: 174/174 MP: 44/44
 57538 | Zot:5    | Got the Orb of Zot
 58251 | D:$      | Escaped with the Orb!

Illustrated notes

Levels and vault maps discovered:
D:1:      minmay_arrival_three_doors, layout_basic, serial_forest,
          infiniplex_forest_lined_corner, infiniplex_forest_clump_diagonal,
          infiniplex_forest_clump_medium, infiniplex_forest_lined_4_way,
          infiniplex_forest_clump_medium, infiniplex_forest_straight_3,
          infiniplex_forest_clump_small, item_on_display_a
D:2:      layout_loops_ring, minmay_close_crescents, uniq_jessica, uniq_robin
D:3:      layout_loops_ring, mainiacjoe_overflow_alcove_2, xom_redecorated,
          hellmonk_ecumenical_altar_inner_sanctum, ebering_ghost_sewer_d,
          grunt_ministairs_10
D:4:      layout_rooms, cheibrodos_sewer_entry_bend, minmay_ruined_shrine
D:5:      layout_loops_ring, mainiacjoe_overflow_boulevard,
          amcnicky_altar_gilded, hellmonk_bongcloud_opening,
          nrook_loot_triangle, uniq_duvessa, uniq_crazy_yiuf_cottage,
          uniq_sigmund
D:6:      layout_loops_ring, jmf_multi_god_temple, minmay_temple_entry_trees,
          uniq_maggie, uniq_blork_the_orc, uniq_edmund
D:7:      layout_cave_pods, mainiacjoe_overflow_paths,
          ebering_ghost_rock_garden, minivault_22, minmay_misc_feat_cross
D:8:      layout_layer_cave, grunt_ministairs_13, uniq_psyche, uniq_joseph,
          uniq_erica
D:9:      layout_basic, mainiacjoe_overflow_catch_the_wave, uniq_prince_ribbit1,
          uniq_harold
D:10:     minmay_evil_eye, layout_long_grid, kennysheep_okawaru_gauntlet,
          mainiacjoe_overflow_small_starburst, hiddenorc1_lemuel
D:11:     layout_loops_ring, erik_lair_island, enter_trove_0,
          onia_ninara_dug_in_and_dangerous
D:12:     layout_roguey, serial_undead, serial_undead_f, serial_undead_d,
          serial_undead_d, serial_undead_c, kennysheep_treasure_room
D:13:     layout_roguey
D:14:     layout_loops_ring, skrybe_vaults_entry_preservation,
          portal_ice_cave_entry_dragon, serial_rivers,
          chequers_serial_rivers_micro_e, chequers_serial_rivers_marsh,
          chequers_serial_rivers_marsh, chequers_serial_rivers_small_3,
          uniq_nessos
D:15:     hangedman_depths_entry_try_elsewhere_first, layout_long_grid,
          serial_shops, nicolae_inconvenience_store
Lair:1:   layout_loops_ring
Lair:2:   layout_chaotic_city, swamp_mist_pool, guppyfry_snake_entry_island,
          grunt_megastairs_5, serial_bayou_shore_a
Lair:3:   layout_gridlike, nicolae_quartered_pool_impasse, beast_lair_carwin_10
Lair:4:   dragon1_lemuel, layout_loops_ring, gauntlet_entry_generic
Lair:5:   grunt_lair_end_beastmaster, layout_concentric_octagons, slime_entry_1,
          serial_bayou_shore_b, lemuel_fruit_tree, uniq_snorg
Swamp:1:  layout_basic_swamp, nicolae_swamp_little_tower,
          nicolae_swamp_nymph_family_reunion
Swamp:2:  layout_falls_marsh, evilmike_swamp_ruin_house_5,
          infiniplex_staircase_pool
Swamp:3:  nzn_winding_woodlands_cross [nzn_winding_woodlands_5x15_zeroes,
          nzn_winding_woodlands_5x15_sidewinder,
          nzn_winding_woodlands_5x15_cabin, nzn_winding_woodlands_5x15_pool,
          nzn_winding_woodlands_15x15_witchcraft], layout_basic_swamp,
          hangedman_swamp_lotus
Swamp:4:  swamp_basic_johnstein, layout_basic_swamp, swamp_pool1,
          nicolae_swamp_round_clearing
Snake:1:  layout_cave_shapes, nicolae_integral_box, uniq_kirke, uniq_frances,
          uniq_jorgrun
Snake:2:  layout_grid_maze, uniq_vashnia
Snake:3:  layout_rooms, ebering_ghost_disaster_area
Snake:4:  snake_pit, layout_cave_town, minmay_shop_grove, uniq_louise
Orc:1:    layout_diamond_mine, basic_altar
Orc:2:    st_orc_town, layout_caves
Elf:1:    eino_elf_arrival_altar, layout_loops_corners, serial_shops, shop,
          minivault_28, nicolae_elf_free_trip_to_the_abyss
Elf:2:    elven_hall_of_blades_hangedman_original
          [infiniplex_blade_entry_pillars], layout_onion_city, uniq_roxanne
Elf:3:    minmay_elf_hall, layout_geoelf_castle, serial_shops, shop,
          uniq_asterion
Vaults:1: nicolae_vaults_tetromino_Z_2, hangedman_vaults_stretched_pinwheel,
          nicolae_vaults_layer_cake_slice, hellmonk_guarded_unrand_gong,
          nicolae_vaults_tetromino_L_1, nicolae_vaults_border_crossing,
          nicolae_vaults_trapezoid_lopsided_1, layout_vaults_chaotic_city,
          serial_shops, bzr_entry_dummy
Vaults:2: minmay_crypt_entry_necro_gods, ontoclasm_vaults_shout,
          nicolae_vaults_asterisk, v_alt_pattern_6,
          nicolae_vaults_variable_pillar_hall,
          nicolae_vaults_trapezoid_lopsided_1, nicolae_vaults_mini_display_case,
          layout_vaults_omnigrid
Vaults:3: nicolae_vaults_trapezoid_lopsided_4,
          nicolae_vaults_security_offices_4, nicolae_vaults_twisting_passages,
          nicolae_vaults_diamond_2, nicolae_vaults_trapezoid_3,
          grunt_vaults_hallway_short, nicolae_vaults_variable_pillar_hall,
          nicolae_vaults_turnstiles, nicolae_vaults_wine_cellar,
          nicolae_vaults_cornered_office, v_misc_24,
          nicolae_vaults_network_quinsquares
          [nicolae_vaults_network_quincunx_subvault,
          nicolae_vaults_network_quincunx_subvault,
          nicolae_vaults_network_quincunx_subvault,
          nicolae_vaults_network_quincunx_subvault], vaults_room_ringed_pool,
          hangedman_vaults_variations, nicolae_vaults_storage_room_statues,
          nicolae_vaults_tetromino_T_2, layout_vaults_maze
Vaults:4: nicolae_vaults_tangram_1, vaults_room_fancy_cross,
          nicolae_vaults_house_2, v_misc_17, nicolae_vaults_network_barrier,
          nicolae_vaults_frosty_reception, nicolae_vaults_diagonal_hallway_8,
          nicolae_vaults_windows_and_doors_thing, nicolae_vaults_shock_wave,
          nicolae_vaults_what_the_h, nicolae_vaults_storage_room_glass,
          ontoclasm_vaults_loading_screen, layout_vaults_omnicross
Vaults:5
Depths:1: layout_gridlike, pf_hell_entry_tar_spiral, ebering_ghost_gozag,
          serial_sigils, serial_sigils_hangedman_quiver,
          serial_sigils_hangedman_scratch, serial_sigils_hangedman_leer,
          serial_sigils_hangedman_gnaw, serial_sigils_hangedman_snap,
          serial_sigils_hangedman_confine, firewood_loft
Depths:2: minmay_the_grid_triangle_9x9_rhombus_thin
          [minmay_the_grid_triangle_9x9_empty,
          minmay_the_grid_triangle_9x9_prize_insulated,
          minmay_the_grid_triangle_9x9_stretched_checkered,
          minmay_the_grid_triangle_9x9_semitri], layout_cave_pools,
          rand_demon_pan_entry_3, hell_entry, infiniplex_staircase_zigzag_1,
          uniq_enchantress
Depths:3: lemuel_troll_bridge, layout_gridlike, grunt_hell_entry_demonic_statue,
          grunt_decor_clamped, abyss_entry_crystal
Depths:4: grunt_zot_entry_alcove, layout_small_grid, enter_ziggurat_d,
          grunt_hell_entry_dis_grunt, serial_sigils_hangedman_gut, uniq_margery,
          uniq_frederick, uniq_sojobo
Zot:1:    layout_twisted_circle
Zot:2:    layout_misc_corridors
Zot:3:    layout_gridlike
Zot:4:    lemuel_halls_of_wrath, layout_onion, nicolae_transmutations_shop
Zot:5:    layout_misc_corridors, grunt_ministairs_13

Skill      XL: |  1  2  3  4  5  6  7  8  9 10 11 12 13 14 15 16 17 18 19 20 21 22 23 24 25 |
---------------+----------------------------------------------------------------------------+-----
Ranged Weapons | 2 3 5 6 8 11 15 18 20 | 20.0
Fighting       | 3 4 5 10 12 13 14 15 18 20 | 20.0
Dodging        | 6 8 11 13 16 19 20 | 20.0
Invocations    | 2 4 9 10 11 14 15 17 | 17.7
Spellcasting   | 2 5 15 | 15.0
Translocations | 5 6 8 16 17 20 | 20.0
Evocations     | 4 12 13 16 | 16.3
Necromancy     | 5 8 |  8.0
Earth Magic    | 9 12 13 14 | 14.0
Armour         | 4 |  4.1
Stealth        | 9 18 19 | 19.3
Transmutations | 13 14 | 14.0
Throwing       | 12 | 12.0
Short Blades   | |  2.2

Action                     |  1- 3 |  4- 6 |  7- 9 | 10-12 | 13-15 | 16-18 | 19-21 | 22-24 | 25-27 || total
---------------------------+-------+-------+-------+-------+-------+-------+-------+-------+-------++-------
  Melee: Short sword       |    16 |       |       |       |       |       |       |       |       ||    16
         Dagger            |       |    15 |    23 |       |       |       |       |       |       ||    38
         Punch             |       |       |     1 |       |       |       |       |     2 |       ||     3
         Staff             |       |       |       |       |       |     4 |     4 |    31 |       ||    39
         Headbutt          |       |       |       |       |       |       |       |    15 |       ||    15
   Fire: Arbalest          |    61 |   134 |   225 |   508 |   857 |       |       |       |       ||  1785
         Longbow           |       |       |       |       |   147 |  1037 |  1191 |  1553 |   500 ||  4428
  Throw: Dart              |     2 |       |       |       |       |       |       |       |       ||     2
   Cast: Blink             |       |       |       |     1 |     1 |       |       |       |       ||     2
         Borgnjor's Vile C |       |       |       |       |    86 |   135 |   113 |   117 |    43 ||   494
         Statue Form       |       |       |       |       |       |    52 |    59 |    73 |    24 ||   208
         Wereblood         |       |       |       |       |       |     7 |    54 |    52 |    18 ||   131
         Lee's Rapid Decon |       |       |       |       |       |     3 |       |       |       ||     3
         Dispersal         |       |       |       |       |       |       |       |     6 |       ||     6
         Portal Projectile |       |       |       |       |       |       |       |     2 |     1 ||     3
         Disjunction       |       |       |       |       |       |       |       |       |     8 ||     8
         Apportation       |       |       |       |       |       |       |       |       |     1 ||     1
 Invoke: Slouch            |       |       |       |     6 |     1 |     2 |     4 |     9 |     9 ||    31
         Step From Time    |       |       |       |       |       |     1 |       |     1 |       ||     2
Ability: End Transformatio |       |       |       |       |       |     5 |     4 |       |     3 ||    12
  Evoke: Wand              |     2 |       |       |     3 |       |       |       |       |     5 ||    10
         Phantom mirror    |       |       |       |     1 |     2 |     1 |       |     3 |       ||     7
    Use: Scroll            |     1 |     5 |    10 |    11 |    15 |    10 |     6 |     8 |     8 ||    74
         Potion            |       |     3 |     7 |       |     1 |       |     1 |     5 |    23 ||    40
   Stab: Sleeping          |     4 |       |       |       |       |       |       |       |       ||     4
 Armour: Leather armour    |    12 |     1 |       |       |       |       |       |       |       ||    13
         Robe              |       |     6 |       |       |       |     1 |    17 |    16 |     1 ||    41
         Swamp dragon scal |       |       |    36 |    81 |   118 |    30 |       |       |       ||   265
         Skin              |       |       |    14 |       |       |   104 |   255 |   407 |   113 ||   893
  Dodge: Dodged            |    27 |    26 |   105 |   306 |   691 |   616 |  1765 |  2285 |   619 ||  6440

Table legend: (Time is in decaauts)
 A = Elapsed time spent in this place.
 B = Non-inter-level travel time spent in this place.
 C = Inter-level travel time spent in this place.
 D = Time resting spent in this place.
 E = Time spent auto-exploring this place.
 F = Levels seen in this place.
 G = Mean time per level.
                   A        B        C        D        E       F      G
               +--------+--------+--------+--------+--------+-----+--------+
         Total |  95137 |  83551 |  11586 |   4185 |  64389 |  49 | 1941.6 |
       Dungeon |  24319 |  19352 |   4967 |   1137 |  15098 |  15 | 1621.3 |
          Lair |   9563 |   8613 |    950 |    722 |   6780 |   5 | 1912.6 |
         Swamp |   7182 |   6647 |    535 |    217 |   5667 |   4 | 1795.5 |
     Snake Pit |   7938 |   6925 |   1013 |    276 |   5621 |   4 | 1984.5 |
  Orcish Mines |   3020 |   2236 |    784 |      3 |   1775 |   2 | 1510.0 |
   Elven Halls |   7887 |   7486 |    401 |     52 |   6154 |   3 | 2629.0 |
        Vaults |  12575 |  11959 |    616 |    155 |   9495 |   5 | 2515.0 |
        Depths |  10358 |   9017 |   1341 |    356 |   7201 |   4 | 2589.5 |
           Zot |  11467 |  10492 |    975 |   1264 |   6131 |   5 | 2293.4 |
        Bazaar |    205 |    205 |      0 |      0 |     98 |   1 |  205.0 |
      Gauntlet |    617 |    617 |      0 |      0 |    364 |   1 |  617.0 |
               +--------+--------+--------+--------+--------+-----+--------+

Top non-repeatable levels by time:
Vaults:5: 3305 daAuts
   Elf:3: 3216 daAuts
  Lair:5: 2944 daAuts
   Zot:4: 2939 daAuts
   Zot:1: 2782 daAuts
Depths:3: 2762 daAuts
    D:15: 2757 daAuts
Depths:1: 2689 daAuts
   Elf:1: 2667 daAuts
    D:14: 2580 daAuts
Vaults:1: 2574 daAuts
Depths:4: 2517 daAuts
 Snake:2: 2509 daAuts
Vaults:4: 2492 daAuts
  Lair:2: 2409 daAuts
